 Dungeon Crawl Stone Soup version 0.29-a0-819-g94b489e0ae (webtiles) character file.

Game seed: 8054315068368277554

122 funkygono the Trooper (level 4, -6/41 HPs)
             Began as a Minotaur Fighter on July 6, 2022.
             Killed from afar by an electric eel (16 damage)
             ... with a bolt of electricity
             ... on level 3 of the Dungeon.
             The game lasted 00:04:45 (2549 turns).

funkygono the Trooper (Minotaur Fighter)            Turns: 2549, Time: 00:04:45

Health: -6/41      AC: 13    Str: 22    XL:     4   Next: 78%
Magic:  3/3        EV: 10    Int:  5    God:
Gold:   121        SH:  4    Dex: 10    Spells: 3/3 levels left

rFire   . . .      SeeInvis .   a - +1 long sword
rCold   . . .      Faith    .   c - +0 buckler
rNeg    . . .      Spirit   .   f - +0 plate armour
rPois   .          Reflect  .   (helmet restricted)
rElec   .          Harm     .   (no cloak)
rCorr   .          Rampage  .   o - +0 pair of gloves
Will    .....                   (no boots)
Stlth   ..........              (no amulet)
HPRegen 0.13/turn               j - +4 ring of evasion
MPRegen 0.08/turn               e - ring of wizardry

@: no status effects
A: horns 2, retaliatory headbutt
a: no special abilities


You were on level 3 of the Dungeon.
You visited 1 branch of the dungeon, and saw 3 of its levels.

You collected 121 gold pieces.

Inventory:

Hand Weapons
 a - a +1 long sword (weapon)
Missiles
 i - 4 poisoned darts (quivered)
Armour
 c - a +0 buckler (worn)
 f - a +0 plate armour (worn)
 o - a +0 pair of gloves (worn)
Jewellery
 e - a ring of wizardry (right hand)
 j - a +4 ring of evasion (left hand)
Wands
 s - a wand of flame (14)
Scrolls
 g - 4 scrolls of amnesia
 h - a scroll of fog
 p - a scroll of enchant weapon
 q - a scroll of blinking {unknown}
Potions
 b - a potion of lignification {unknown}
 d - 3 potions of might
 k - 2 potions of resistance
 l - 2 potions of heal wounds
 m - a potion of curing {unknown}
 n - a potion of attraction {unknown}
 r - a potion of degeneration {unknown}


   Skills:
 + Level 4.6 Fighting
 + Level 3.9 Long Blades
 + Level 4.5 Armour
 + Level 0.4 Dodging
 + Level 4.2 Shields


You had 3 spell levels left.
You didn't know any spells.
Your spell library was empty.

Dungeon Overview and Level Annotations

Branches:
Dungeon (3/15)

Altars:
Fedhas
Qazlal
Trog
Yredelemnul

Shops:
D:1 ((

Annotations:
D:3 1 transporter


Innate Abilities, Weirdness & Mutations

You have a pair of horns on your head.
You reflexively headbutt those who attack you in melee.


Message History

You open the door.
Found a rapier.
There is an open door here.
Found 2 stones.
You now have 121 gold pieces (gained 20).
Found a club.
You see here a +0 club.
q - a scroll labelled GODEAC HOICITHE
r - a fizzy golden potion You open the door.
Found a leather armour.
Found a war axe.
There is an open door here.
You see here a +0 leather armour.
You open the door.
There is an open door here.
Partly explored, unvisited transporter and can't reach some places.
Partly explored, unvisited transporter and can't reach some places.
There is a transporter here.
You see here 5 stones.
You see here 5 stones.
There is a transporter here.
You enter the transporter and appear at another place.
s - a wand of flame (14)
You open the door.
The electric eel shoots out a bolt of lightning at you!
The bolt of electricity hits you!
The bolt of electricity hits you but does no damage.
The electric eel shoots out a bolt of lightning at you!
The bolt of electricity hits you. x2
There is an open door here.
The electric eel shoots out a bolt of lightning at you!
The bolt of electricity misses you. x2
You hit the electric eel but do no damage.
The electric eel shoots out a bolt of lightning at you!
The bolt of electricity hits you!
* * * LOW HITPOINT WARNING * * *
The electric eel shoots out a bolt of lightning at you!
The bolt of electricity hits you!
You die...

#######.# #.....# ........#
#.###.## .#####..# #......#
........#################..###.##
.#...........................#...
...###..####.###############.#.##
.........###.#8P#≈≈≈≈≈≈≈#P8#...#
.............#..#..≈≈P≈P#..#...#
######...#..©#©.@..≈♣≈≈≈+$©#©..#
..## ##.###..#..#..≈≈≈≈≈#..#..###
≈≈.# #.# ##.#8P#SS≈≈≈≈≈#P8#.####
_≈.# #.# #.###############.###.
#≈^# ##+## #........(............
..####...##########.############.
.####.....## ###.# ###
.###.......######.#.# ##.#
.##..)......#.......##########...


You could see 2 electric eels.

Vanquished Creatures
  Robin (D:3)
  5 adders (D:2)
  A worm (D:3)
  A dart slug (D:2)
  3 endoplasms (D:1)
  7 giant cockroaches
  10 goblins
  9 hobgoblins
  3 quokkas (D:1)
  3 ball pythons
  2 bats (D:1)
  4 frilled lizards (D:2)
  4 kobolds
  5 rats
58 creatures vanquished.

Vanquished Creatures (others)
  4 withered plants (D:3)
4 creatures vanquished.

Grand Total: 62 creatures vanquished

Notes
Turn   | Place    | Note
-------+----------+-------------------------------------------
     0 | D:1      | funkygono the Minotaur Fighter began the quest for the Orb.
     0 | D:1      | Reached XP level 1. HP: 19/19 MP: 0/0
    65 | D:1      | Found Jumahy's Antique Weapon Shoppe.
    99 | D:1      | You fall into a shaft and drop 1 floor!
   258 | D:1      | Reached XP level 2. HP: 27/27 MP: 1/1
   779 | D:1      | Found Ruttolul's Weapon Emporium.
  1020 | D:2      | Reached XP level 3. HP: 19/33 MP: 2/2
  1271 | D:2      | Reached XP level 4. HP: 33/40 MP: 3/3
  1488 | D:2      | Found a faded altar of an unknown god.
  1623 | D:3      | Found a transporter.
  1643 | D:3      | Found a transporter.
  1769 | D:3      | Noticed Robin
  1772 | D:3      | Found a basalt altar of Yredelemnul.
  1783 | D:3      | Killed Robin
  2034 | D:3      | Found a bloodstained altar of Trog.
  2217 | D:3      | Found a blossoming altar of Fedhas.
  2218 | D:3      | Found a stormy altar of Qazlal.
  2549 | D:3      | Killed from afar by an electric eel

Illustrated notes

Levels and vault maps discovered:
D:1:      dpeg_arrival_tiny_g, layout_loops_ring, serial_shops, shop_fountains,
          nicolae_shop_bloodbath_and_beyond
D:2:      layout_rooms, ebering_ecumenical_altar_box
D:3:      gammafunk_steamed_eel, layout_loops_corners,
          grunt_temple_overflow_forces_of_nature, lightli_temple_of_fire,
          yredelemnul_altar_generic, minmay_crystal_room, minivault_26,
          uniq_robin

Skill      XL: |  1  2  3 |
---------------+----------+-----
Shields        | 4 |  4.2
Fighting       | 4 |  4.6
Armour         | 4 |  4.5
Long Blades    | 3 |  3.9
Dodging        | |  0.4

Action                   |  1- 3 |  4- 6 || total
-------------------------+-------+-------++-------
Melee: Long sword        |    73 |    66 ||   139
       Headbutt          |    12 |    14 ||    26
  Use: Scroll            |       |     6 ||     6
Armor: Scale mail        |    26 |     3 ||    29
       Plate armour      |       |    22 ||    22
Dodge: Dodged            |    57 |    29 ||    86
Block: Buckler           |    18 |    10 ||    28

Table legend: (Time is in decaauts)
 A = Elapsed time spent in this place.
 B = Non-inter-level travel time spent in this place.
 C = Inter-level travel time spent in this place.
 D = Time resting spent in this place.
 E = Time spent auto-exploring this place.
 F = Levels seen in this place.
 G = Mean time per level.
                   A        B        C        D        E       F      G
               +--------+--------+--------+--------+--------+-----+--------+
         Total |   2587 |   2542 |     45 |    150 |   1767 |   3 |  862.3 |
       Dungeon |   2587 |   2542 |     45 |    150 |   1767 |   3 |  862.3 |
               +--------+--------+--------+--------+--------+-----+--------+

Top non-repeatable levels by time:
     D:1: 1097 daAuts
     D:3: 953 daAuts
     D:2: 537 daAuts
